Map: Dash and Terminal LE (Void)

Players

SticklerMac

  • Race: Zerg Zerg
  • League: Grandmaster

MadScorp - Winner!

  • Race: Zerg Zerg
  • League: Grandmaster

VOD

Have the link to the VOD?

Description

Time

  • Played on: Sept. 18, 2015, 9:26 p.m.
  • Length: 3:24
Show
View Real Time Build Order
Export as new Build Order

SticklerMac Zerg 

Build Orders: Pool First 

Get SALT Encoding   

  12  0:04  Drone  
  13  0:10  Drone  
  14  0:17  Overlord  
  14  0:36  Drone x2  
  14  0:37  Drone  
  17  0:48  Drone  
  18  0:57  Spawning Pool  
  18  0:58  Drone  
  18  1:09  Drone  
  19  1:19  Hatchery  
  19  1:22  Drone  
  19  1:26  Extractor  
  19  1:32  Drone  
  19  1:42  Drone  
  20  1:53  Drone  
  21  2:04  Drone  
  22  2:14  Overlord  
  22  2:28  Spawning Pool  
  21  2:30  Queen  
  21  2:32  Drone x2  
  24  2:38  Drone  
  24  2:39  Hatchery  
  24  2:44  Drone  
  24  2:45  Drone  
  26  2:54  Overlord  
  26  3:02  Drone  
  26  3:05  Drone  
  28  3:11  Spore Crawler  
  28  3:12  Spine Crawler  
Show
View Real Time Build Order
Export as new Build Order

MadScorp Zerg - Winner!

Build Orders: Pool First 

Get SALT Encoding   

  12  0:01  Drone  
  13  0:09  Drone  
  14  0:18  Overlord  
  14  0:25  Extractor  
  14  0:28  Drone, Extractor  
  13  0:31  Drone  
  15  0:39  Drone  
  17  0:49  Drone  
  18  0:59  Spawning Pool  
  18  1:03  Drone, Extractor  
  17  1:10  Drone  
  18  1:17  Drone  
  19  1:30  Drone  
  20  1:45  Hatchery  
  20  1:46  Overlord  
  19  1:47  Queen  
  21  2:08  Roach Warren  
  21  2:09  Drone  
  21  2:21  Drone  
  22  2:23  Queen  
  24  2:31  Drone x2  
  26  2:42  Zergling x2  
  27  2:48  Overlord  
  27  2:57  Roach  
  27  2:58  Roach x2  
  33  3:03  Overlord  
  33  3:06  Drone  
Tags
 
Add a new tag
Caveats
  • Supply blocks, unpowered buildings, or Contaminate may cause inaccurate times.
  • Supply counts are checked every 10 seconds.